BSA
ST. LOUIS BROWNS @ PORTLAND CARDS
03/01/2029
 
TOP OF THE 1ST
St. Louis Browns batting - Pitching for Portland Cards : LHP Kip Manning
Pitching: LHP Kip Manning
Batting: RHB Carlos Alfaro 0-0: Ball
1-0: Called Strike
1-1: Ball
2-1: Ball
3-1: Base on Balls
Batting: RHB Anthony Rucker 0-0: Ball
1-0: Ball
2-0: Ball
3-0: Called Strike
3-1: Base on Balls
Carlos Alfaro to second
Batting: RHB Adrian Prouse 0-0: Called Strike
0-1: Ball
1-1: Foul Ball, location: 2F
1-2: Grounds into double play, 6-4-3 (Groundball, 6)
Carlos Alfaro to third
Batting: RHB António Venecia 0-0: Foul Ball, location: 2F
0-1: Foul Ball, location: 2F
0-2: Ball
1-2: Ball
2-2: Strikes out swinging
Top of the 1st over - 0 runs, 0 hits, 0 errors, 1 left on base; St. Louis 0 - Portland 0
BOTTOM OF THE 1ST
Portland Cards batting - Pitching for St. Louis Browns : RHP Scott Walker
Pitching: RHP Scott Walker
Batting: RHB Dani Vázquez 0-0: Foul Ball, location: 2F
0-1: Ground out 3-1 (Groundball, 34)
Batting: LHB Jesús Raugel 0-0: Swinging Strike
0-1: Foul Ball, location: 2F
0-2: Ball
1-2: Foul Ball, location: 2F
1-2: Foul Ball, location: 2F
1-2: Foul Ball, location: 2F
1-2: Ball
2-2: Ball
3-2: Base on Balls
Batting: LHB Jeff Daniels 0-0: Ball
Jesús Raugel is caught stealing 2nd base
1-0: Ball
2-0: Swinging Strike
2-1: Fly out, F8 (Line Drive, 89XD)
Bottom of the 1st over - 0 runs, 0 hits, 0 errors, 0 left on base; St. Louis 0 - Portland 0
TOP OF THE 2ND
St. Louis Browns batting - Pitching for Portland Cards : LHP Kip Manning
Batting: RHB Javier Martínez 0-0: Ball
1-0: Ball
2-0: SINGLE (Line Drive, 4M)
Batting: LHB Mike Hill 0-0: Ball
1-0: Called Strike
1-1: Ball
2-1: Foul Ball, location: 2F
2-2: Foul Ball, location: 2F
2-2: SINGLE (Groundball, 34D)
Javier Martínez to second
Runner from 2nd tries for 3rd, SAFE, throw made to third
Batting: RHB Domingo Romero 0-0: Foul Ball, location: 2F
0-1: Ball
1-1: Ball
2-1: Fly out, F8 (Flyball, 8LXD)
Runner from 3rd tags up, SCORES, no throw
Batting: LHB Bill Murphy 0-0: Called Strike
0-1: Ball
1-1: Ball
2-1: Ball
3-1: Foul Ball, location: 2F
3-2: Foul Ball, location: 2F
3-2: Base on Balls
Mike Hill to second
Batting: SHB David Johnstone 0-0: Ball
Wild Pitch!
Mike Hill to third
Bill Murphy to second
1-0: Fly out, F4 (Line Drive, 4)
Batting: RHB Carlos Alfaro 0-0: Ball
1-0: Ball
2-0: Fly out, F4 (Popup, 4M)
Top of the 2nd over - 1 run, 2 hits, 0 errors, 2 left on base; St. Louis 1 - Portland 0
BOTTOM OF THE 2ND
Portland Cards batting - Pitching for St. Louis Browns : RHP Scott Walker
Batting: LHB José Garza 0-0: Swinging Strike
0-1: Fly out, F7 (Flyball, 78D)
Batting: LHB Paul Mullins 0-0: Fly out, F7 (Flyball, 7)
Batting: RHB Manolo Román 0-0: Ball
1-0: Ball
2-0: Ball
3-0: Base on Balls
Batting: LHB Chance Santry 0-0: Ball
1-0: Called Strike
1-1: Swinging Strike
1-2: Strikes out swinging
Bottom of the 2nd over - 0 runs, 0 hits, 0 errors, 1 left on base; St. Louis 1 - Portland 0
TOP OF THE 3RD
St. Louis Browns batting - Pitching for Portland Cards : LHP Kip Manning
Batting: RHB Anthony Rucker 0-0: Ball
1-0: Ground out 4-3 (Groundball, 4)
Batting: RHB Adrian Prouse 0-0: Ball
1-0: SINGLE (Line Drive, 4M)
Batting: RHB António Venecia 0-0: Ball
1-0: Swinging Strike
1-1: Swinging Strike
1-2: Strikes out looking
Batting: RHB Javier Martínez 0-0: Ball
1-0: Swinging Strike
1-1: Foul Ball, location: 2F
1-2: Fielders Choice at 2nd, 5-4 (Groundball, 5)
Top of the 3rd over - 0 runs, 1 hit, 0 errors, 1 left on base; St. Louis 1 - Portland 0
BOTTOM OF THE 3RD
Portland Cards batting - Pitching for St. Louis Browns : RHP Scott Walker
Batting: RHB Jared Thompson 0-0: Ball
1-0: Ball
2-0: Ball
3-0: Called Strike
3-1: Foul Ball, location: 2F
3-2: Base on Balls
Batting: RHB Mario Méndez 0-0: Called Strike
0-1: Fly out, F3 (Popup, 3F)
Batting: RHB Dani Vázquez 0-0: Ball
1-0: Called Strike
1-1: SINGLE (Groundball, 56D)
Jared Thompson to second
Batting: LHB Jesús Raugel 0-0: Ball
1-0: Called Strike
1-1: Fielders Choice at 2nd, 4-6 (Groundball, 4)
Jared Thompson to third
Batting: LHB Jeff Daniels 0-0: Ball
1-0: Called Strike
1-1: Ball
2-1: Swinging Strike
2-2: Ball
3-2: Foul Ball, location: 2F
3-2: Foul Ball, location: 2F
3-2: Foul Ball, location: 2F
3-2: Ground out 5-3 (Groundball, 56)
Bottom of the 3rd over - 0 runs, 1 hit, 0 errors, 2 left on base; St. Louis 1 - Portland 0
TOP OF THE 4TH
St. Louis Browns batting - Pitching for Portland Cards : LHP Kip Manning
Batting: LHB Mike Hill 0-0: Called Strike
0-1: Called Strike
0-2: Fly out, F8 (Flyball, 8LM)
Batting: RHB Domingo Romero 0-0: Ball
1-0: Ball
2-0: Fly out, F3 (Popup, 34)
Batting: LHB Bill Murphy 0-0: Bunted foul
0-1: Foul Ball, location: 2F
0-2: Ball
1-2: Foul Ball, location: 2F
1-2: Ground out U3 (Groundball, 3)
Top of the 4th over - 0 runs, 0 hits, 0 errors, 0 left on base; St. Louis 1 - Portland 0
BOTTOM OF THE 4TH
Portland Cards batting - Pitching for St. Louis Browns : RHP Scott Walker
Batting: LHB José Garza 0-0: Foul Ball, location: 2F
0-1: Foul Ball, location: 2F
0-2: Ground out 3-1 (Groundball, 34S)
Batting: LHB Paul Mullins 0-0: Called Strike
0-1: Ground out 3-1 (Groundball, 3S)
Batting: RHB Manolo Román 0-0: Ball
1-0: Ball
2-0: Foul Ball, location: 2F
2-1: Foul Ball, location: 2F
2-2: Ball
3-2: Strikes out swinging
Bottom of the 4th over - 0 runs, 0 hits, 0 errors, 0 left on base; St. Louis 1 - Portland 0
TOP OF THE 5TH
St. Louis Browns batting - Pitching for Portland Cards : LHP Kip Manning
Pitching: RHP Gustavo Ramos
Batting: SHB David Johnstone 0-0: Ball
1-0: Ball
2-0: Ball
3-0: Base on Balls
Batting: RHB Carlos Alfaro 0-0: Called Strike
0-1: Ball
1-1: Ball
2-1: Foul Ball, location: 2F
2-2: Ball
3-2: Strikes out swinging
Batting: RHB Anthony Rucker 0-0: Ball
1-0: Called Strike
1-1: Ball
2-1: SINGLE (Line Drive, 34)
David Johnstone to second
Batting: RHB Adrian Prouse 0-0: Foul Ball, location: 2F
0-1: Foul Ball, location: 2F
0-2: Ball
1-2: Ball
2-2: Strikes out swinging
Batting: RHB António Venecia 0-0: Called Strike
0-1: Foul Ball, location: 2F
0-2: Fly out, F7 (Flyball, 78M)
Top of the 5th over - 0 runs, 1 hit, 0 errors, 2 left on base; St. Louis 1 - Portland 0
BOTTOM OF THE 5TH
Portland Cards batting - Pitching for St. Louis Browns : RHP Scott Walker
Pitching: LHP Nick Clayton
Batting: LHB Chance Santry 0-0: SINGLE (Groundball, 34S) (infield hit)
Batting: RHB Jared Thompson 0-0: Fielders Choice at 2nd, 6-4 (Groundball, 56)
Batting: RHB Mario Méndez 0-0: Ball
1-0: Foul Ball, location: 2F
1-1: Fly out, F8 (Flyball, 8LD)
Batting: RHB Dani Vázquez 0-0: Called Strike
0-1: Swinging Strike
0-2: Ball
1-2: Ball
2-2: SINGLE (Groundball, 34) (infield hit)
Jared Thompson to second
Batting: LHB Jesús Raugel 0-0: Ball
1-0: Called Strike
1-1: Ball
2-1: Swinging Strike
2-2: Foul Ball, location: 2F
2-2: Strikes out swinging
Bottom of the 5th over - 0 runs, 2 hits, 0 errors, 2 left on base; St. Louis 1 - Portland 0
TOP OF THE 6TH
St. Louis Browns batting - Pitching for Portland Cards : RHP Gustavo Ramos
Batting: RHB Javier Martínez 0-0: Ball
1-0: Ball
2-0: SINGLE (Line Drive, 89M)
Batting: LHB Mike Hill 0-0: Ball
1-0: Foul Ball, location: 2F
1-1: Ball
2-1: Swinging Strike
2-2: Fielders Choice at 2nd, 6-4 (Groundball, 6)
Batting: RHB Domingo Romero 0-0: Ball
1-0: Ball
2-0: Ball
3-0: Called Strike
3-1: Fly out, F9 (Flyball, 9LD)
Batting: LHB Bill Murphy 0-0: Ball
1-0: SINGLE (Line Drive, 78S)
Mike Hill to second
Runner from 2nd tries for 3rd, OUT!
Top of the 6th over - 0 runs, 2 hits, 0 errors, 1 left on base; St. Louis 1 - Portland 0
BOTTOM OF THE 6TH
Portland Cards batting - Pitching for St. Louis Browns : LHP Nick Clayton
Batting: LHB Jeff Daniels 0-0: Ball
1-0: Called Strike
1-1: Foul Ball, location: 2F
1-2: Ball
2-2: Ball
3-2: Fly out, F8 (Flyball, 8LXD)
Batting: LHB José Garza 0-0: Hit by Pitch
Batting: LHB Paul Mullins 0-0: Ball
1-0: Swinging Strike
1-1: Ball
2-1: SINGLE (Groundball, 34D)
José Garza to second
Runner from 2nd tries for 3rd, SAFE, no throw
Batting: RHB Manolo Román 0-0: Ball
1-0: Ball
2-0: Ball
3-0: Base on Balls
Paul Mullins to second
Batting: LHB Chance Santry 0-0: SINGLE (Groundball, 4D)
José Garza scores
Paul Mullins to third
Manolo Román to second
Runner from 3rd tries for Home, SAFE, throw made home
Batting: RHB Jared Thompson 0-0: Foul Ball, location: 2F
0-1: Ground out 5-3 (Groundball, 5S)
Manolo Román to third
Chance Santry to second
Batting: RHB Mario Méndez 0-0: Foul Ball, location: 2F
0-1: Fly out, F7 (Flyball, 7)
Bottom of the 6th over - 2 runs, 2 hits, 0 errors, 2 left on base; St. Louis 1 - Portland 2
TOP OF THE 7TH
St. Louis Browns batting - Pitching for Portland Cards : RHP Gustavo Ramos
Batting: SHB David Johnstone 0-0: Called Strike
0-1: SINGLE (Groundball, 4MD)
Batting: LHB Junior Coates 0-0: Ball
1-0: Ball
2-0: Grounds into double play, 5-4-3 (Groundball, 56)
Pinch Hitting: RHB Vicente Valentín 0-0: Ball
1-0: DOUBLE (Flyball, 78XD)
Pinch Hitting: LHB Marvin Morris 0-0: Called Strike
0-1: 2-RUN HOME RUN (Flyball, 9LD), Distance : 354 ft
Pitching: RHP David Green
Batting: RHB António Venecia 0-0: Ball
1-0: Ball
2-0: Ball
3-0: Called Strike
3-1: Foul Ball, location: 2F
3-2: Foul Ball, location: 2F
3-2: Foul Ball, location: 2F
3-2: Foul Ball, location: 2F
3-2: Foul Ball, location: 2F
3-2: Ground out 5-3 (Groundball, 56)
Top of the 7th over - 2 runs, 3 hits, 0 errors, 0 left on base; St. Louis 3 - Portland 2
BOTTOM OF THE 7TH
Portland Cards batting - Pitching for St. Louis Browns : LHP Nick Clayton
Now at SS: Octávio Marín
Now in RF: Vicente Valentín
Pinch Hitting: RHB Aaron Scott 0-0: Called Strike
0-1: Ball
1-1: Foul Ball, location: 2F
1-2: Fly out, F8 (Flyball, 8LS)
Pinch Hitting: RHB António Zúńiga 0-0: Swinging Strike
0-1: Ball
1-1: Fly out, F7 (Line Drive, 7)
Batting: RHB Jesús Gutiérrez 0-0: Ball
1-0: Fly out, F7 (Flyball, 78M)
Bottom of the 7th over - 0 runs, 0 hits, 0 errors, 0 left on base; St. Louis 3 - Portland 2
TOP OF THE 8TH
St. Louis Browns batting - Pitching for Portland Cards : RHP David Green
Now at SS: Aaron Scott
Now in LF: António Zúńiga
Pinch Hitting: RHB Danny Walker 0-0: Ball
1-0: Swinging Strike
1-1: Ball
2-1: Ground out 6-3 (Groundball, 56)
Pitching: LHP Eduardo Trujillo
Pinch Hitting: RHB Remi Eruzione 0-0: Foul Ball, location: 2F
0-1: Ball
1-1: Foul Ball, location: 2F
1-2: Strikes out looking
Pitching: RHP Ron Biller
Pinch Hitting: RHB Manuel Alonso 0-0: Swinging Strike
0-1: SINGLE (Groundball, 6S) (infield hit)
Pinch Hitting: LHB Dave Watson 0-0: Called Strike
0-1: Called Strike
0-2: Ball
Manuel Alonso steals 2nd base
1-2: Foul Ball, location: 2F
1-2: Fly out, F9 (Flyball, 9LS)
Top of the 8th over - 0 runs, 1 hit, 0 errors, 1 left on base; St. Louis 3 - Portland 2
BOTTOM OF THE 8TH
Portland Cards batting - Pitching for St. Louis Browns : LHP Nick Clayton
Now at 1B: Dave Watson
Now at 2B: Danny Walker
Now in LF: Remi Eruzione
Now in CF: Manuel Alonso
Pinch Hitting: RHB Peter Hensley 0-0: Called Strike
0-1: Foul Ball, location: 2F
0-2: Ball
1-2: Fly out, F8 (Flyball, 8RXD)
Batting: LHB Paul Mullins 0-0: Swinging Strike
0-1: Ball
1-1: Called Strike
1-2: Strikes out swinging
Pinch Hitting: RHB Gabriel Miranda 0-0: Called Strike
0-1: SINGLE (Flyball, 9LS)
Pinch Hitting: RHB Robert Bly 0-0: Ball
1-0: SINGLE (Groundball, 4M) (infield hit)
Gabriel Miranda to second
Pinch Hitting: RHB Pablo Castillo 0-0: Foul Ball, location: 2F
0-1: Foul Ball, location: 2F
0-2: Strikes out swinging
Bottom of the 8th over - 0 runs, 2 hits, 0 errors, 2 left on base; St. Louis 3 - Portland 2
TOP OF THE 9TH
St. Louis Browns batting - Pitching for Portland Cards : RHP Ron Biller
Pitching: LHP Valentín Reséndez
Now at 3B: Gabriel Miranda
Now at SS: Augusto Baiano
Now in LF: Peter Hensley
Now in RF: Nick Scott
Pinch Hitting: RHB Jeff Jones 0-0: Called Strike
0-1: Ball
1-1: Swinging Strike
1-2: Strikes out swinging
Batting: LHB Junior Coates 0-0: Called Strike
0-1: Foul Ball, location: 2F
0-2: Foul Ball, location: 2F
0-2: Foul Ball, location: 2F
0-2: Ball
1-2: Strikes out swinging
Batting: RHB Vicente Valentín 0-0: Ball
1-0: Ground out 4-3 (Groundball, 4)
Top of the 9th over - 0 runs, 0 hits, 0 errors, 0 left on base; St. Louis 3 - Portland 2
BOTTOM OF THE 9TH
Portland Cards batting - Pitching for St. Louis Browns : LHP Nick Clayton
Pitching: RHP Cristóbal Gómez
Now at 3B: Jeff Jones
Batting: RHB Mario Méndez 0-0: SINGLE (Flyball, 7LS)
Batting: RHB Aaron Scott 0-0: Sac Bunt - play at first, batter OUT! 1-4
Mario Méndez to second
Batting: RHB António Zúńiga 0-0: Ball
1-0: Ball
2-0: Swinging Strike
2-1: Ground out U3 (Groundball, 34)
Mario Méndez to third
Batting: RHB Jesús Gutiérrez 0-0: Called Strike
0-1: Ball
1-1: Ball
2-1: Ground out U3 (Groundball, 34)
Bottom of the 9th over - 0 runs, 1 hit, 0 errors, 1 left on base; St. Louis 3 - Portland 2
Saturday, December 16th, 2017 - OOTP Baseball 18.8 Build 76